AoeStats
← Fia Sare

Four Lakes

510234476Analyzed
1v1 RM · 3d ago on Sep 30, 2026· 31m 29s· 2 players
Game mode
Random Map
Map size
Tiny (2 player)
Population
200
Speed
Normal
Resources
Standard
Victory
Conquest
Starting age
Dark Age
Ending age
Imperial Age
RankedLock teamsTeams togetherTeam positionsShared explorationLock speedFull tech treeHidden civsTurbo modeCheats
Victory
Defeat
🇦🇺 Danes · Australia
1177
+17
🇦🇷 Bulgarians · Argentina
1191
-17
nathan_skip
8:47 Loom
10:32 Feudal Age
12:51 Double-Bit Axe
17:40 Castle Age
17:14 Fletching
19:57 Bodkin Arrow
21:52 Wheelbarrow
27:37 Ballistics
31:34 Imperial Age
30:06 Scale Mail Armor
30:18 Forging
Fia Sare
6:20 Loom
10:04 Feudal Age
10:41 Double-Bit Axe
14:55 Forging
15:08 Arson
19:00 Scale Mail Armor
21:43 Castle Age
19:52 Horse Collar
20:27 Gold Mining
20:58 Fishing Lines
22:40 Chain Mail Armor
22:27 Squires
22:14 Gambesons
23:00 Bow Saw
23:42 Iron Casting
26:23 Gold Shaft Mining
25:47 Stone Mining
28:17 Wheelbarrow
27:27 Town Watch
29:55 Town Watch
Connection lost

Rejoining the realm…

Still unreachable

The connection could not be restored.

Session expired

The server has moved on; the page needs a fresh start.